 Dungeon Crawl Stone Soup version 0.28.0-1-gb440e238dd (webtiles) character file.

Game seed: 15838152264157016306

2 cbfl8 the Sneak (level 1, 0/19 HPs)
             Began as a Minotaur Delver on Feb 28, 2022.
             Slain by a shadow imp (2 damage)
             ... on level 5 of the Dungeon.
             The game lasted 00:01:21 (162 turns).

cbfl8 the Sneak (Minotaur Delver)                    Turns: 162, Time: 00:01:21

Health: 0/19       AC:  3    Str: 16    XL:     1   Next: 25%
Magic:  0/0        EV: 11    Int:  7    God:
Gold:   4          SH:  0    Dex: 11    Spells: 0/0 levels left

rFire   . . .      SeeInvis .   a - +0 hand axe
rCold   . . .      Faith    .   (no shield)
rNeg    . . .      Spirit   .   b - +0 leather armour
rPois   .          Reflect  .   (helmet restricted)
rElec   .          Harm     .   (no cloak)
rCorr   .          Rampage  .   (no gloves)
Will    .....                   (no boots)
Stlth   ++........              (no amulet)
HPRegen 0.06/turn               (no ring)
MPRegen 0.07/turn               (no ring)

@: no status effects
A: horns 2, retaliatory headbutt
a: no special abilities


You were on level 5 of the Dungeon.
You visited 1 branch of the dungeon, and saw 2 of its levels.

You collected 4 gold pieces.

Inventory:

Hand Weapons
 a - a +0 hand axe (weapon)
Armour
 b - a +0 leather armour (worn)
 d - a +0 leather armour
Wands
 g - a wand of digging (3)
Potions
 f - a potion of haste


   Skills:
 + Level 3.6 Fighting
 + Level 2.4 Axes
 + Level 2.1 Dodging
 + Level 4.2 Stealth


You couldn't memorise any spells.
You didn't know any spells.
Your spell library was empty.

Dungeon Overview and Level Annotations

Branches:
Dungeon (6/15)
 Temple: D:4-7

Altars:


Innate Abilities, Weirdness & Mutations

You have a pair of horns on your head.
You reflexively headbutt those who attack you in melee.


Message History

An orc comes into view. It is wielding a +0 club.
Found a scroll labelled SAHACU ACRUKO.
The orc moves out of view.
You see here a +0 leather armour.
d - a +0 leather armour A shadow imp comes into view.
The shadow imp shouts, "Scamper hence, thou wayward elf-skinned mish-mash!"
You hear a shout!
A scorpion comes into view.
The shadow imp moves out of view.
Found a stone staircase leading up.
The shadow imp gestures at you. Pain shoots through your body!
Ouch! That really hurt!
The scorpion barely misses you.
The shadow imp shouts, "Scamper away, thou currish spleeny veal!"
The scorpion barely misses you.
Okay, then.
As you read the scroll of fear, it crumbles to dust.
You assume a fearsome visage.
The shadow imp looks frightened!
The scorpion looks frightened!
The orc shouts!
Found 11 sling bullets.
The orc hits you but does no damage.
You closely miss the orc. Your headbutt misses the orc.
The orc hits you with a +0 club.
You hit the orc.
The orc is lightly wounded.
The orc hits you with a +0 club.
* * * LOW HITPOINT WARNING * * *
You completely miss the orc. You headbutt the orc.
You kill the orc!
You see here a +0 club.
You see here 11 sling bullets.
An orc comes into view. It is wielding a +0 whip.
An orc comes into view. It is wielding a +0 flail.
The shadow imp hits you but does no damage.
You closely miss the shadow imp. The shadow imp hits you.
* * * LOW HITPOINT WARNING * * *
As you read the scroll of fog, it crumbles to dust.
The scroll dissolves into smoke.
The shadow imp hits you.
You die...

*******,,**,,,,,,,,,,####...##
,,,,,,,,,,,,,,,,,,,.......#..#
*******,,**,***,,,..#**##....####
*,,**,* **,>..# #.........
*******,,#*,** ***#.# #.#...###.
,,,,,,,,,.s.,* #.####.....# #.
**********#..###*##..........# #.
*##...§§##§..###.###.# #.
*..o..§5@§§......# #.# #.
*********.##..§§##§..###.# #.# #.
,,,,,,,,,,*#.#§#*##.####.###.# #.
********,,*#,#.* #.(...)....# ##
*,,**,#,* ######.##### *,,**,*,*
#.# *,,**,*,********#.#
*,,**,,,,,,,,,,,..#*******
*,,**,*,*****,,,...,,,,,,,


You could see a shadow imp.

Vanquished Creatures
  An orc (D:5)
1 creature vanquished.

Notes
Turn   | Place    | Note
-------+----------+-------------------------------------------
     0 | D:5      | cbfl8 the Minotaur Delver began the quest for the Orb.
     0 | D:5      | Reached XP level 1. HP: 19/19 MP: 0/0
    61 | D:6      | Noticed a phantom
   135 | D:5      | Noticed a scorpion
   162 | D:5      | Slain by a shadow imp

Illustrated notes

Levels and vault maps discovered:
D:5:      layout_loops_ring, enter_ossuary_4, corexii_leaking_fountain,
          minmay_misc_feat_rugged, minivault_14, minmay_misc_feat_hallway,
          minivault_23
D:6:      layout_gridville, pdpol_wu_jian_five_deadly_venoms,
          minmay_temple_entry_hall, portal_sewer_entry_d, uniq_sigmund,
          uniq_crazy_yiuf_cottage

Action                   || total
-------------------------++-------
Melee: Hand axe          ||     4
       Headbutt          ||     1
  Use: Scroll            ||     3
Armor: Leather armour    ||     2
Dodge: Dodged            ||     2
